 Dungeon Crawl Stone Soup version 0.20.1-1-g8b1a95d (console) character file.

3775 hilaritas the Covert (level 10, -8/66 HPs)
             Began as an Octopode Fighter on Jan 22, 2018.
             Was a Priest of Dithmenos.
             Mangled by a two-headed ogre
             ... wielding a +0 giant club
              (29 damage)
             ... on level 8 of the Dungeon.
             The game lasted 00:23:11 (10103 turns).

hilaritas the Covert (Octopode Fighter)            Turns: 10103, Time: 00:23:12

Health: -8/66      AC:  1    Str: 16    XL:     10   Next: 16%
Magic:  11/14      EV: 12    Int: 13    God:    Dithmenos [***...]
Gold:   117        SH: 10    Dex: 12    Spells: 0/9 levels left

rFire    . . .     SeeInvis +   a - +1 long sword
rCold    + . .     Gourm    .   b - +1 shield
rNeg     . . .     Faith    .   (helmet restricted)
rPois    .         Spirit   .   (no amulet)
rElec    .         Reflect  .   w - ring of protection from cold
rCorr    .         Harm     .   x - ring of see invisible
MR       .....                  y - ring of wizardry
Stlth    +++++++...             (no ring)
Regen    0.3/turn               (no ring)
MPRegen  0.2/turn               (no ring)
                                (no ring)
                                (no ring)

@: wreathed by umbra
A: almost no armour, stealthy swim, amphibious, 8 rings, constrict 8, camouflage
1, gelatinous body 1
a: Shadow Step, Renounce Religion


You were on level 8 of the Dungeon.
You worshipped Dithmenos.
Dithmenos was most pleased with you.
You were not hungry.

You visited 1 branch of the dungeon, and saw 8 of its levels.

You collected 327 gold pieces.
You spent 210 gold pieces at shops.

Inventory:

Hand Weapons
 a - a +1 long sword (weapon)
 q - a +0 falchion
 s - a +0 dagger of holy wrath
 v - a +0 rapier
 E - a +1 dagger of venom
Missiles
 e - 136 arrows
 p - 3 exploding tomahawks (quivered)
Armour
 b - a +1 shield (worn)
Jewellery
 w - a ring of protection from cold (left tentacle)
 x - a ring of see invisible (right tentacle)
 y - a ring of wizardry (on tentacle)
Wands
 o - a wand of confusion (23/48)
 u - a wand of lightning (10/15)
 z - a wand of digging (18/24)
 C - a wand of iceblast (6/15)
 I - a wand of iceblast (4/15)
Scrolls
 h - a scroll of magic mapping
 i - 3 scrolls of amnesia
 m - 2 scrolls of remove curse
 B - a scroll of enchant weapon
Potions
 c - 2 potions of might
 j - 2 potions of haste
 k - a potion of brilliance
 n - 6 potions of curing
 r - 2 potions of berserk rage
 t - a potion of mutation {unknown}
 F - 2 potions of heal wounds
 G - a potion of flight {unknown}
Books
 f - a book of Changes

   Spells                             Type                      Level
   a - Beastly Appendage              Transmutation                1
   b - Sticks to Snakes               Transmutation                2
   c - Spider Form                    Transmutation/Poison         3
   d - Ice Form                       Ice/Transmutation            4
   e - Blade Hands                    Transmutation                5
 A - a book of Battle

   Spells                             Type                      Level
   a - Infusion                       Charms                       1
   b - Shroud of Golubria             Charms/Translocation         2
   c - Song of Slaying                Charms                       2
   d - Spectral Weapon                Hexes/Charms                 3
   e - Regeneration                   Charms/Necromancy            3
 D - a book of Minor Magic

   Spells                             Type                      Level
   a - Magic Dart                     Conjuration                  1
   b - Blink                          Translocation                2
   c - Call Imp                       Summoning                    2
   d - Slow                           Hexes                        2
   e - Conjure Flame                  Conjuration/Fire             3
   f - Mephitic Cloud                 Conjuration/Poison/Air       3
Comestibles
 d - 7 bread rations
 g - 2 royal jellies
 l - 2 meat rations
 H - 6 chunks of flesh


   Skills:
 + Level 5.0 Fighting
 - Level 10.0 Long Blades
 - Level 3.0 Dodging
 - Level 10.4 Stealth
 * Level 4.0 Shields
 * Level 5.7 Invocations


You couldn't memorise any spells.
You knew the following spells:

 Your Spells              Type           Power        Failure   Level  Hunger
a - Sticks to Snakes      Tmut           #.......     56%         2    ###....
b - Shroud of Golubria    Chrm/Tloc      #.........   56%         2    ###....
c - Regeneration          Chrm/Necr      #.........   80%         3    ####...
d - Blink                 Tloc           N/A          56%         2    ###....


Dungeon Overview and Level Annotations

Branches:
Dungeon (8/15)             Temple (0/1) D:7
   Lair: D:8-11

Altars:
Dithmenos
Gozag
Hepliaklqana
Kikubaaqudgha
Nemelex Xobeh
Okawaru
Qazlal
Trog

Shops:
D:5 =


Innate Abilities, Weirdness & Mutations

You cannot wear most types of armour.
You are very stealthy in the water. (Stealth+)
You are amphibious.
You can wear up to eight rings at the same time.
You can use your tentacles to constrict eight enemies at once.
Your skin changes colour to match your surroundings (Stealth+).
Your rubbery body absorbs attacks. (AC +1, EV +1)


Message History

The two-headed ogre is heavily wounded.
The two-headed ogre barely misses you.
You riposte.
You barely miss the two-headed ogre.
Your squeeze misses the two-headed ogre.
The two-headed ogre is heavily wounded.
You block the two-headed ogre's attack.
You hit the two-headed ogre but do no damage.
The two-headed ogre is heavily wounded.
You block the two-headed ogre's attack. The two-headed ogre misses you.
You slash the two-headed ogre! You squeeze the two-headed ogre!
The two-headed ogre is severely wounded.
The two-headed ogre hits you with a giant club!
You block the two-headed ogre's attack.
The iguana hisses angrily.
You hit the two-headed ogre.
The two-headed ogre is severely wounded.
You hit the two-headed ogre.
The two-headed ogre is almost dead.
The two-headed ogre hits you with a giant club!! x2
You die...

# ######.#
######......#
.......<.#
######.#.#
#.#.# #.#.#
#.#O# #>#@#
#...$....#
###l.....#
...##.## ...#
# .#### . #.


You could see a two-headed ogre and an iguana.

Vanquished Creatures
  Pikel (D:5)
  Grinder (D:3)
  Eustachio (D:4)
  A spriggan (D:7)
  The ghost of hilaritas the Slasher, an amateur OpFi (D:3)
  Menkaure (D:4)
  A sky beast (D:6)
  An orc warrior (D:6)
  2 slaves (D:5)
  2 ice beasts (D:7)
  A necrophage (D:6)
  A phantom (D:4)
  4 ogres
  A centaur (D:7)
  2 scorpions
  5 wights (D:6)
  A howler monkey (D:5)
  3 crimson imps
  A centaur zombie (D:5)
  A quasit (D:5)
  A bullfrog zombie (D:6)
  3 jellies
  2 hounds
  6 orc wizards
  2 orc priests
  A gnoll shaman (D:5)
  Jessica (D:3)
  Terence (D:2)
  4 iguanas
  Ijyb (D:4)
  5 worker ants
  A hound zombie (D:7)
  A worker ant zombie (D:5)
  8 gnolls
  A howler monkey skeleton (D:5)
  14 adders
  A shadow imp (D:7)
  An ooze (D:2)
  An adder skeleton (D:7)
  7 worms
  A dart slug (D:4)
  3 leopard geckos
  29 orcs
  2 ball pythons
  5 bats
  6 giant cockroaches
  12 goblins
  9 hobgoblins
  6 jackals (D:6)
  4 quokkas
  6 frilled lizards
  A jackal skeleton (D:4)
  4 kobolds
  11 rats
193 creatures vanquished.

Vanquished Creatures (others)
  A goblin (D:4)
1 creature vanquished.

Grand Total: 194 creatures vanquished

Notes
Turn   | Place    | Note
-------+----------+-------------------------------------------
     0 | D:1      | hilaritas the Octopode Fighter began the quest for the Orb.
     0 | D:1      | Reached XP level 1. HP: 16/16 MP: 1/1
    69 | D:1      | Reached skill level 1 in Stealth
   149 | D:1      | Reached XP level 2. HP: 21/21 MP: 2/2
   841 | D:1      | Reached XP level 3. HP: 26/26 MP: 3/3
  1025 | D:2      | Found a hazy altar of Hepliaklqana.
  1030 | D:2      | Found an ancient bone altar of Kikubaaqudgha.
  1481 | D:2      | Reached XP level 4. HP: 23/31 MP: 4/4
  1699 | D:2      | Noticed Terence
  1712 | D:2      | Killed Terence
  2103 | D:2      | Reached XP level 5. HP: 33/36 MP: 5/5
  2422 | D:2      | Found a stormy altar of Qazlal.
  2424 | D:2      | Found a shadowy altar of Dithmenos.
  2626 | D:3      | Noticed Grinder
  2981 | D:3      | Killed Grinder
  2981 | D:3      | Reached XP level 6. HP: 18/42 MP: 6/6
  3205 | D:3      | Learned a level 2 spell: Sticks to Snakes
  3246 | D:3      | Noticed hilaritas's ghost (amateur OpFi)
  3264 | D:3      | Killed hilaritas's ghost
  3264 | D:3      | Reached skill level 5 in Long Blades
  3264 | D:3      | Reached XP level 7. HP: 17/46 MP: 7/7
  3293 | D:2      | Became a worshipper of Dithmenos the Shadowed
  3761 | D:3      | Noticed Jessica
  3768 | D:3      | Killed Jessica
  3889 | D:3      | Reached skill level 1 in Invocations
  4100 | D:3      | Noticed a moth of wrath
  4103 | D:3      | Found a bloodstained altar of Trog.
  4391 | D:4      | Noticed Eustachio
  4400 | D:4      | Killed Eustachio
  4455 | D:4      | Reached * piety under Dithmenos
  4597 | D:4      | Reached XP level 8. HP: 47/52 MP: 9/9
  4890 | D:4      | Noticed Menkaure
  4895 | D:4      | Killed Menkaure
  5199 | D:4      | Noticed Ijyb
  5219 | D:4      | Killed Ijyb
  5516 | D:4      | Found an opulent altar of Gozag.
  5517 | D:4      | Found a sparkling altar of Nemelex Xobeh.
  5724 | D:5      | Entered Level 5 of the Dungeon
  6407 | D:5      | Found Rabae's Jewellery Emporium.
  6506 | D:5      | Bought an uncursed ring of see invisible for 210 gold pieces
  6701 | D:5      | Noticed Pikel
  6769 | D:5      | Killed Pikel
  6769 | D:5      | Reached skill level 10 in Stealth
  6769 | D:5      | Reached XP level 9. HP: 18/56 MP: 11/11
  7331 | D:6      | Reached ** piety under Dithmenos
  9023 | D:7      | Learned a level 2 spell: Shroud of Golubria
  9027 | D:7      | Learned a level 3 spell: Regeneration
  9034 | D:7      | Reached skill level 10 in Long Blades
  9151 | D:7      | Found an iron altar of Okawaru.
  9182 | D:7      | HP: 2/58 [ogre/giant club (17)]
  9183 | D:7      | Reached *** piety under Dithmenos
  9183 | D:7      | Reached skill level 5 in Invocations
  9537 | D:7      | Reached XP level 10. HP: 65/65 MP: 13/13
  9552 | D:7      | Learned a level 2 spell: Blink
  9584 | D:7      | Found a staircase to the Ecumenical Temple.
  9924 | D:7      | Reached skill level 5 in Fighting
 10094 | D:8      | Noticed a two-headed ogre
 10103 | D:8      | Mangled by a two-headed ogre

Skill      XL: |  1  2  3  4  5  6  7  8  9 10 |
---------------+-------------------------------+-----
Stealth        | 2 3 4 6 7 10 | 10.4
Long Blades    | 3 4 5 6 8 10 | 10.0
Invocations    | 1 3 5 |  5.7
Fighting       | 4 5 |  5.0
Shields        | 4 |  4.0
Dodging        | |  3.0

Action                   |  1- 3 |  4- 6 |  7- 9 | 10-12 || total
-------------------------+-------+-------+-------+-------++-------
Melee: Long sword        |    42 |    61 |   341 |    28 ||   472
       Constrict         |    19 |    13 |    87 |     5 ||   124
       Tentacles         |    11 |    12 |    82 |     8 ||   113
Throw: Tomahawk          |       |       |     1 |       ||     1
Invok: Shadow Step       |       |       |       |     1 ||     1
  Use: Scroll            |     3 |     3 |    10 |       ||    16
       Potion            |       |     1 |     1 |       ||     2
 Stab: Sleeping          |    11 |     5 |    24 |     6 ||    46
       Distracted        |       |       |     2 |       ||     2
  Eat: Chunk             |     2 |     5 |    20 |     2 ||    29
Armor: Skin              |     3 |     4 |     8 |       ||    15
Dodge: Dodged            |    16 |    31 |   109 |    10 ||   166
Block: Shield            |    13 |    32 |   102 |     7 ||   154
       Rpst.: Long sword |     5 |     8 |    30 |     5 ||    48
